 Dungeon Crawl Stone Soup version 0.31.0-12-g77e489cdc1 (webtiles) character file.

Game seed: 12349790166928092111

6393 sm0rk the Grappler (level 10, -1/96 HPs)
             Began as a Naga Shapeshifter on Feb 21, 2024.
             Was an Initiate of Ru.
             Shot with an arrow by a centaur warrior (19 damage)
             ... on level 10 of the Dungeon.
             The game lasted 00:22:23 (9149 turns).

sm0rk the Grappler (Naga Shapeshifter)              Turns: 9149, Time: 00:22:24

Health: -1/96      AC:  9    Str: 20    XL:     10   Next: 97%
Magic:  8/8        EV: 14    Int: 12    God:    Ru [......]
Gold:   464        SH:  0    Dex: 10    Spells: 7/9 levels left

rFire   . .          .
                       - Unarmed
rCold   . . .        m - melded +0 buckler
rNeg    + . .        t - melded +4 scale mail {rF+}
rPois   +            o - +0 helmet
rElec   .            u - +2 cloak
rCorr   .            r - +1 Delatra's gloves {ID++}
SInv    +            (no barding)
Will    +....        G - amulet of regeneration
Stlth   +            j - ring of positive energy
HPRegen 1.16/turn    (no ring)
MPRegen 0.11/turn

%: no passive effects
@: flux-form, glowing, very slow
A: glow, contaminating, AC +3, large, see invisible, deformed body, low MP 2,
poison resistance, slowness 2, spit poison 1, naga tail 1
a: Spit Poison, Begin Untransformation, Renounce Religion


You were on level 10 of the Dungeon.
You worshipped Ru.
Ru was noncommittal.
You were something dangerously unstable.
You visited 1 branch of the dungeon, and saw 10 of its levels.

You collected 464 gold pieces.

Inventory:

Armour
 h - the +1 leather armour of the End {rN+ Dex+4}
   (You took it off Maurice on level 8 of the Dungeon)

   Dex+4:     It affects your dexterity (+4).
   rN+:       It protects you from negative energy.
 m - a +0 buckler (melded)
 o - a +0 helmet (worn)
 r - the +1 Delatra's gloves (worn) {ID++}
   (You found it on level 7 of the Dungeon)

   ID++:      It heals its wearer when they drink unknown potions, and restores
   their MP when they read unknown scrolls.
 t - a +4 scale mail of fire resistance (melded)
 u - a +2 cloak (worn)
 K - a +2 robe of cold resistance
Jewellery
 j - a ring of positive energy (left hand)
 w - an amulet of reflection
 G - an amulet of regeneration (around neck)
 J - a ring of ice
Talismans
 c - a beast talisman
 d - a flux talisman (active)
 I - a serpent talisman
Wands
 a - a wand of mindburst (17)
 y - a wand of acid (3)
 F - a wand of charming (5)
Scrolls
 f - a scroll of brand weapon {unknown}
 k - 4 scrolls of vulnerability
 l - a scroll of amnesia {unknown}
 n - a scroll of poison {unknown}
 q - 4 scrolls of enchant weapon
 x - 2 scrolls of fog
 A - 2 scrolls of blinking
 B - a scroll of enchant armour {unknown}
 C - 3 scrolls of teleportation {unknown}
 D - a scroll of fear {unknown}
 L - a scroll of identify
Potions
 b - a potion of lignification
 e - 3 potions of heal wounds
 g - a potion of berserk rage {unknown}
 i - 7 potions of curing
 p - 4 potions of enlightenment
 s - a potion of invisibility {unknown}
 v - 2 potions of brilliance {unknown}
 z - a potion of cancellation {unknown}
 E - a potion of attraction {unknown}
 H - a potion of resistance {unknown}


   Skills:
 + Level 8.2 Fighting
 + Level 3.6 Dodging
 * Level 11.9 Unarmed Combat
 + Level 7.2 Shapeshifting


You had 7 spell levels left.
You knew the following spells:

 Your Spells              Type           Power      Damage    Failure   Level
a - Blink                 Tloc           0%         N/A       45%         2

Your spell library contained the following spells:

 Spells                   Type           Power      Damage    Failure   Level
 Apportation              Tloc           0%         N/A       32%         1
 Magic Dart               Conj           0%         1d3       32%         1
 Slow                     Hex            0%         N/A       32%         1
 Call Imp                 Summ           0%         N/A       45%         2
 Cigotuvi's Dreadful Rot  Necr/Alch/Air  0%         N/A       45%         2
 Jinxbite                 Hex            0%         N/A       45%         2
 Confusing Touch          Hex            0%         N/A       69%         3
 Sigil of Binding         Hex            0%         N/A       69%         3
 Tukima's Dance           Hex            0%         N/A       69%         3
 Vampiric Draining        Necr           0%         2d6       69%         3
 Ignite Poison            Fire/Alch      0%         N/A       97%         4
 Passage of Golubria      Tloc           0%         N/A       97%         4
 Alistair's Intoxication  Alch           0%         N/A       100%        5
 Freezing Cloud           Conj/Ice/Air   0%         6-21      100%        5
 Yara's Violent Unravell  Hex/Alch       0%         3d3       100%        5


Dungeon Overview and Level Annotations

Branches:
Dungeon (10/15)            Temple (0/1) D:6
   Lair: D:8-11         Orc: D:9-12

Altars:
Elyvilon
Makhleb
Ru
Trog
Xom

Annotations:
D:6 2 runed translucent doors, riffraff's ghost, novice AtFi


Innate Abilities, Weirdness & Mutations

You are something dangerously unstable.
You glow with magical radiation, making you easy to see and hit.
Foes you strike become dangerously contaminated with magical radiation.
You are incapable of wielding weapons or throwing items.
Your serpentine skin is tough. (AC +3)
You have supernaturally acute eyesight. (SInv)
Armour fits poorly on your strangely shaped body.
Your magical capacity is very low. (-20% MP)
Your system is resistant to poisons. (rPois)
You cover ground very slowly.
You can spit poison.
You have a snake-like lower body.


Message History

The centaur warrior shoots an arrow.
The arrow hits you!
The centaur warrior shoots an arrow.
The arrow hits you!
The centaur warrior shoots an arrow.
The arrow hits you!
Press: ? - help, v - describe, . - travel
Here: a centaur warrior, wielding a +0 shortbow The floor.
Okay, then.
Aiming: Mindburst
Press: ? - help, Shift-Dir - straight line, f - centaur warrior
Aim: a centaur warrior, wielding a +0 shortbow (chance to affect: 47%)
Okay, then.
Unknown command.
Okay, then.
Unknown command.
Aiming: Mindburst
Press: ? - help, Shift-Dir - straight line, f - centaur warrior
Aim: a centaur warrior, wielding a +0 shortbow (chance to affect: 47%)
The centaur warrior's mind is blasted!
The centaur warrior shoots an arrow.
The arrow hits you!
Aiming: Mindburst
Press: ? - help, Shift-Dir - straight line, f/p - centaur warrior
Aim: a centaur warrior, wielding a +0 shortbow (moderately wounded, chance to affect: 47%)
The centaur warrior resists with some effort.
The centaur warrior shoots an arrow.
The arrow hits you!
The centaur warrior shoots an arrow.
The arrow barely misses you.
Unknown command.
Aiming: Mindburst
Press: ? - help, Shift-Dir - straight line, f/p - centaur warrior
Aim: a centaur warrior, wielding a +0 shortbow (moderately wounded, chance to affect: 47%)
The centaur warrior's mind is blasted!!
The centaur warrior shoots an arrow.
The arrow closely misses you.
Unknown command.
Aiming: Mindburst
Press: ? - help, Shift-Dir - straight line, f/p - centaur warrior
Aim: a centaur warrior, wielding a +0 shortbow (severely wounded, chance to affect: 47%)
The centaur warrior's mind is blasted!!
The centaur warrior shoots an arrow.
The arrow hits you!!
* * * LOW HITPOINT WARNING * * *
The centaur warrior shoots an arrow.
The arrow hits you!!
You die...

........#
#........#
<.......#
#.######.#
...c....# #.# #.#
.....c..#######<#
#.#
................#
#.#
........#######.#
#.# #.# #.######.#
#.# #......... #p#
#.######.# #.# #.#
#.# #.# #.# #.#
#.# #.# #.# #.#
#.# #.#
########.#######.#
#.#
..................
...
#######.########
#.#


You could see a centaur warrior.

Vanquished Creatures
  Fannar (D:10)
  Maurice (D:8)
  An unseen horror (D:10)
  A troll (D:9)
  10 yaks
  A wraith (D:7)
  A steam dragon (D:7)
  2 vampire mosquitoes (D:9)
  An acid dragon (D:6)
  An orc warrior (D:9)
  2 black bears
  A centaur (D:6)
  An ogre (D:6)
  A necrophage (D:5)
  4 scorpions
  2 bullfrogs
  12 wights
  An electric eel (D:7)
  6 howler monkeys
  2 bombardier beetles
  2 hounds
  3 jellies
  A gnoll bouda (D:9)
  7 orc priests
  A sleepcap (D:3)
  Terence (D:3)
  2 iguanas
  5 orc wizards
  A hound skeleton (D:5)
  6 gnolls
  8 adders
  2 shadow imps (D:6)
  4 white imps
  2 ufetubi (D:5)
  A ribbon worm (D:5)
  4 dart slugs
  31 orcs
  5 bats
  5 endoplasms
  2 giant cockroaches
  5 goblins
  11 hobgoblins
  A jackal (D:3)
  5 quokkas
  9 ball pythons
  7 frilled lizards
  8 kobolds
  8 rats
199 creatures vanquished.

Vanquished Creatures (collateral kills)
  A wight (D:7)
1 creature vanquished.

Vanquished Creatures (others)
  A bat (D:3)
1 creature vanquished.

Grand Total: 201 creatures vanquished

Notes
Turn   | Place    | Note
-------+----------+-------------------------------------------
     0 | D:1      | sm0rk the Naga Shapeshifter began the quest for the Orb.
     0 | D:1      | Reached XP level 1. HP: 18/18 MP: 1/1
    94 | D:1      | Reached XP level 2. HP: 18/25 MP: 2/2
   535 | D:1      | Reached XP level 3. HP: 31/31 MP: 3/3
  1697 | D:3      | Noticed Terence
  1705 | D:2      | Reached skill level 4 in Unarmed Combat
  1705 | D:2      | Reached XP level 4. HP: 39/39 MP: 4/4
  2037 | D:3      | Reached XP level 5. HP: 37/46 MP: 5/5
  2116 | D:3      | Found a shimmering altar of Xom.
  2329 | D:3      | Killed Terence
  2506 | D:3      | Learned a level 2 spell: Blink
  2595 | D:3      | Found a sacrificial altar of Ru.
  2653 | D:3      | Became a worshipper of Ru the Awakened
  2895 | D:4      | Reached skill level 5 in Unarmed Combat
  3070 | D:4      | Reached XP level 6. HP: 56/56 MP: 6/6
  3488 | D:5      | Entered Level 5 of the Dungeon
  3505 | D:5      | Gained mutation: Your magical capacity is low. (-10% MP)
                  | [Ru sacrifice]
  3552 | D:5      | Found a white marble altar of Elyvilon.
  3670 | D:5      | Identified the +6 scimitar of Infection {pain, rPois rN+
                  | MP-9 Int+3}
  3690 | D:5      | Reached XP level 7. HP: 56/62 MP: 6/6
  3837 | D:5      | Reached skill level 6 in Unarmed Combat
  4774 | D:5      | Found a burning altar of Makhleb.
  4827 | D:6      | Found a runed translucent door.
  4830 | D:6      | Noticed riffraff's ghost (novice AtFi)
  4893 | D:6      | Reached XP level 8. HP: 72/72 MP: 7/7
  4904 | D:6      | Reached skill level 7 in Unarmed Combat
  4904 | D:6      | Reached skill level 5 in Shapeshifting
  5051 | D:6      | Reached skill level 5 in Fighting
  5280 | D:6      | Found a staircase to the Ecumenical Temple.
  5296 | D:6      | Found a bloodstained altar of Trog.
  5341 | D:6      | Found a runed translucent door.
  5742 | D:7      | Noticed a wraith
  5747 | D:7      | Killed a wraith
  5748 | D:7      | Reached skill level 8 in Unarmed Combat
  5915 | D:7      | Reached XP level 9. HP: 51/81 MP: 8/8
  6154 | D:7      | Reached skill level 9 in Unarmed Combat
  6256 | D:7      | Found the +1 Delatra's gloves {ID++}
  6588 | D:8      | Identified the +1 leather armour of the End {rN+ Dex+4}
  6588 | D:8      | Noticed Maurice
  7097 | D:7      | Reached skill level 10 in Unarmed Combat
  7205 | D:8      | Reached XP level 10. HP: 71/92 MP: 9/9
  7377 | D:8      | Maurice stole a flux talisman
  7378 | D:8      | Killed Maurice
  7898 | D:9      | Reached skill level 11 in Unarmed Combat
  7919 | D:9      | Gained mutation: Your magical capacity is very low. (-20%
                  | MP) [Ru sacrifice]
  8908 | D:10     | Entered Level 10 of the Dungeon
  8915 | D:10     | Noticed Fannar
  9000 | D:10     | Killed Fannar
  9102 | D:10     | Noticed an unseen horror
  9111 | D:10     | Killed an unseen horror
  9141 | D:10     | Noticed a centaur warrior
  9149 | D:10     | Shot with an arrow by a centaur warrior

Illustrated notes

Levels and vault maps discovered:
D:1:      mrwooster_arrival_arrow, layout_loops_ring,
          chequers_serial_rivers_room_b, hex_medium
D:2:      layout_loops_corners, minmay_misc_feat_five
D:3:      layout_rooms, xom_confusion_cloud, nicolae_ru_the_path_less_chosen,
          uniq_terence
D:4:      layout_basic
D:5:      layout_layer_cave, overflow_temple_1_default,
          makhleb_blood_cavern_becter
D:6:      layout_gridville, lemuel_doored_altar, minmay_temple_entry_glass,
          ebering_ghost_sewer_f
D:7:      layout_basic, kennysheep_path_1, hangedman_decor_peaks_small
D:8:      layout_cave_pools, uniq_maurice
D:9:      layout_gridville
D:10:     layout_small_grid, uniq_fannar

Skill      XL: |  1  2  3  4  5  6  7  8  9 10 |
---------------+-------------------------------+-----
Fighting       | 2 3 4 5 6 8 |  8.2
Unarmed Combat | 4 5 6 8 10 11 | 11.9
Shapeshifting  | 4 5 7 |  7.2
Dodging        | 3 |  3.6

Action                     |  1- 3 |  4- 6 |  7- 9 | 10-12 || total
---------------------------+-------+-------+-------+-------++-------
  Melee: Unarmed           |    48 |   133 |   297 |   141 ||   619
 Invoke: Sacrifice Essence |       |     1 |       |     1 ||     2
Ability: Spit Poison       |    38 |    41 |    46 |    19 ||   144
         Begin Untransform |       |       |     1 |       ||     1
  Evoke: Wand              |       |       |     3 |    10 ||    13
    Use: Potion            |       |     1 |     2 |       ||     3
         Scroll            |       |       |     6 |     3 ||     9
 Armour: Animal skin       |    15 |       |       |       ||    15
         Ring mail         |    25 |    53 |       |       ||    78
         Scale mail        |       |    42 |   224 |     2 ||   268
         Skin              |       |     1 |     3 |    96 ||   100
  Dodge: Dodged            |    23 |    41 |    75 |    84 ||   223
  Block: Buckler           |     1 |    36 |   109 |     4 ||   150
         Reflection        |       |       |     2 |       ||     2
         Other             |       |       |       |    17 ||    17
   Form: Flux              |       |       |       |     1 ||     1
